[Event "*** SCC Grand Prix: Titled Tuesday Blitz"]
[Site "Chess.com"]
[Date "2020.10.06"]
[Round "1"]
[White "Forantes"]
[Black "tigra"]
[Result "0-1"]
[WhiteElo "2424"]
[BlackElo "2820"]
[TimeControl "180+1"]
[EndTime "10:06:34 PDT"]
[Termination "tigra won by resignation"]

1. Nf3 c5 2. g3 Nf6 3. Bg2 d5 4. O-O h6 5. d4 cxd4 6. Nxd4 e5 7.
Nb3 Be6 8. Nc3 Nc6 9. Re1 Bb4 10.
Bd2 O-O 11. e4 d4 12. Ne2 a5 13. Bxb4 axb4 14. Nec1 Qb6 15. Nd3 Nd7 16. Qd2 Ra6 17.
f4 Rfa8 18. f5 Bxb3 19. cxb3 Rxa2 20. Rac1 Na5 21. Qd1 Qd6 22. g4 b6 23. h4 Nc5 24.
Nxc5 bxc5 25. g5 Rxb2 26. f6 Nxb3 27. Qg4 Nxc1 28. fxg7 Qg6 29. Rf1 Ne2+ 30. Kh1 Nf4 31. Rxf4 exf4 32. e5 Ra1+ 33. Kh2 Raa2 34. Qc8+ Kxg7 0-1

[Event "*** SCC Grand Prix: Titled Tuesday Blitz"]
[Site "Chess.com"]
[Date "2020.10.06"]
[Round "1"]
[White "Borsuk_Konstantin"]
[Black "natelleka"]
[Result "1-0"]
[WhiteElo "2552"]
[BlackElo "2224"]
[TimeControl "180+1"]
[EndTime "10:06:34 PDT"]
[Termination "Borsuk_Konstantin won on time"]

1. d4 d5 2. c4 c5 3. cxd5 Qxd5 4.
Nf3 cxd4 5. Nc3 Qa5 6. Nxd4 Nf6 7.
g3 e5 8. Nb3 Qc7 9. Bg2 Bb4 10.
O-O Bxc3 11. bxc3 O-O 12. Bg5 Nc6 13. Bxf6 gxf6 14. Qd2 Kg7 15. Rab1 Bf5 16. e4 Rad8 17. Qe3 Bc8 18. f4 Qb6 19. Nc5 Qc7 20. Nb3 Qb6 21.
Qxb6 axb6 22. Rfd1 Bg4 23. Rd2 Be6 24. Rbd1 Rxd2 25.
Rxd2 Rd8 26. Rxd8 Nxd8 27. Kf2 Kf8 28. Bf1 Ke7 29. f5 Bd7 30. Kf3 Kd6 31. Kg4 Nc6 32.
Kh5 Na5 33. Nd2 1-0

[Event "*** SCC Grand Prix: Titled Tuesday Blitz"]
[Site "Chess.com"]
[Date "2020.10.06"]
[Round "1"]
[White "bascheyaro"]
[Black "lucachess49"]
[Result "0-1"]
[WhiteElo "2730"]
[BlackElo "2403"]
[TimeControl "180+1"]
[EndTime "10:06:35 PDT"]
[Termination "lucachess49 won by resignation"]

1. d4 Nf6 2. Bf4 e6 3. e3 b6 4. c4 Bb7 5. Nc3 Bb4 6. Ne2 O-O 7. a3 Be7 8. Ng3 d6 9. h4 Nbd7 10. h5 h6 11. Nge2 e5 12. Bg3 Ne4 13. Nxe4 Bxe4 14. d5 Bh7 15. Nc3 f5 16. f4 exf4 17. Bxf4 Bf6 18. Qc2 Re8 19. Be2 Ne5 20. O-O-O Ng4 21. Bd3 Nxe3 22. Bxe3 Rxe3 23. g4 Bxc3 24. bxc3 Qg5 25.
Kb2 Qxg4 26. Rdg1 Rg3 27. Qf2 f4 28. Bxh7+ Kxh7 29. Rxg3 fxg3 30. Qc2+ Kh8 31. Rg1 Rf8 32. Rg2 Qf3 33. Qd2 Qxg2 0-1

[Event "*** SCC Grand Prix: Titled Tuesday Blitz"]
[Site "Chess.com"]
[Date "2020.10.06"]
[Round "1"]
[White "barriochess"]
[Black "esapunov"]
[Result "0-1"]
[WhiteElo "2310"]
[BlackElo "2624"]
[TimeControl "180+1"]
[EndTime "10:06:36 PDT"]
[Termination "esapunov won by resignation"]

1. d4 Nf6 2. Bg5 e6 3. e4 h6 4. Bxf6 Qxf6 5. c3 c5 6. Nf3 cxd4 7. cxd4 Nc6 8. Nc3 g5 9. e5 Qd8 10. h3 d6 11. Bb5 Bg7 12. Qe2 O-O 13. Rd1 dxe5 14.
dxe5 Qc7 15. Bxc6 Qxc6 16. O-O b6 17. Rd6 Qc7 18. Nb5 Qc5 19. Nbd4 Bb7 20. Rd1 Rac8 21.
Rd7 Rb8 22. Nb3 Bxf3 23. Qxf3 Qxe5 24. Rxa7 Qxb2 25. Rd2 Qf6 26. Qxf6 Bxf6 27. Rdd7 Rbd8 28. Rdb7 Rd6 29. g3 h5 30. Kg2 Kg7 31. Ra6 Bd8 32. Na5 Rd2 33. Nc4 Rc2 34. Ne5 Bc7 35. Nd7 Rd8 36.
Rxc7 Rxc7 37. Ne5 Rd2 38. Nf3 Rb2 39. Nxg5 Rcc2 40. Ne4 f5 41. Ra7+ Kg6 42. Nd6 Rxf2+ 43. Kg1 Rfd2 0-1

[Event "*** SCC Grand Prix: Titled Tuesday Blitz"]
[Site "Chess.com"]
[Date "2020.10.06"]
[Round "1"]
[White "dominikaf"]
[Black "Swarnapuri"]
[Result "0-1"]
[WhiteElo "2290"]
[BlackElo "2607"]
[TimeControl "180+1"]
[EndTime "10:06:36 PDT"]
[Termination "Swarnapuri won on time"]

1. d4 Nc6 2. Bf4 Nf6 3. e3 g6 4.
Bd3 Bg7 5. h4 d6 6. Nf3 Bg4 7.
Qd2 O-O 8. Nh2 Bd7 9. c3 e5 10. Bg3 Re8 11. O-O Nh5 12. Qc2 Qe7 13. Nd2 exd4 14. exd4 Nxg3 15. fxg3 Qe3+ 16. Kh1 Qxg3 17. Nhf3 Ne7 18. Ne4 Qg4 19. Nf2 Qf4 20. Ne4 Nf5 21. Qf2 Rxe4 22. Bxe4 Ng3+ 23. Kg1 Nxf1 24. Bxb7 Rb8 25.
Bd5 Ng3 26. Re1 c6 27. Bb3 d5 28. Ng5 Qxf2+ 29. Kxf2 Nf5 30. g3 h6 31. Nf3 Nd6 32.
Ne5 Be8 33. Ba4 Rxb2+ 0-1

[Event "*** SCC Grand Prix: Titled Tuesday Blitz"]
[Site "Chess.com"]
[Date "2020.10.06"]
[Round "1"]
[White "awesomevishesh"]
[Black "Onischuk_V"]
[Result "0-1"]
[WhiteElo "2440"]
[BlackElo "2856"]
[TimeControl "180+1"]
[EndTime "10:06:37 PDT"]
[Termination "Onischuk_V won on time"]

1. d4 d6 2. Nf3 g6 3. g3 Bg7 4. c4 Nf6 5. Bg2 O-O 6. O-O Nc6 7. Nc3 e5 8. dxe5 dxe5 9. Bg5 Be6 10. Qc1 Qc8 11.
Nd2 Nd7 12. Nd5 h6 13. Be3 Re8 14. Rd1 Nd4 15. Re1 c6 16. Nc3 f5 17. Nf3 Kh7 18. b3 c5 19. Rd1 Qc7 20. Qb2 Rad8 21. Rac1 b6 22. Qb1 Nb8 23. Kf1 Nbc6 24. Nd5 Qf7 25.
Nc3 e4 26. Nd2 Ne5 27. a3 Ng4 28. Bxd4 cxd4 29. Nd5 Bxd5 30. cxd5 Nxh2+ 31. Kg1 Ng4 32. Nc4 Qxd5 33. e3 d3 34. a4 Rc8 35. Qa2 Ne5 36.
Nxe5 Bxe5 0-1

[Event "*** SCC Grand Prix: Titled Tuesday Blitz"]
[Site "Chess.com"]
[Date "2020.10.06"]
[Round "1"]
[White "Bulldog167"]
[Black "Smile2005"]
[Result "1-0"]
[WhiteElo "2789"]
[BlackElo "2403"]
[TimeControl "180+1"]
[EndTime "10:06:37 PDT"]
[Termination "Bulldog167 won by resignation"]

1. d4 Nf6 2. c4 g6 3. Nc3 Bg7 4. e4 O-O 5. h3 d6 6. Be3 e5 7. d5 c6 8. g4 cxd5 9. cxd5 a5 10.
Nge2 Na6 11. Ng3 a4 12. Qxa4 Bd7 13. Qd1 Qa5 14. Be2 Nc5 15. O-O Rfc8 16. a3 Na4 17. Nxa4 Bxa4 18. b3 Bd7 19. a4 Qb4 20. Bc4 b5 21.
axb5 Rxa1 22. Qxa1 Bxb5 23. Bxb5 Qxb5 24. Qa4 Rb8 25.
Qxb5 Rxb5 26. Rc1 h5 27. gxh5 Nxh5 28. Nxh5 gxh5 29. Rc6 Bf8 30. Rb6 Ra5 31. b4 Ra1+ 32. Kg2 Rb1 33. Rb8 Kg7 34. b5 Be7 35. b6 f5 36. exf5 Kf6 37. Rb7 Bd8 38. Rd7 Bxb6 39.
Rxd6+ Kxf5 40. Rxb6 Rd1 41. d6 Ke6 42. Bc5 Rd5 43.
Bb4 Kf5 44. Rb7 e4 45. Rf7+ Ke6 46. Re7+ Kf6 47. Rxe4 1-0

[Event "*** SCC Grand Prix: Titled Tuesday Blitz"]
[Site "Chess.com"]
[Date "2020.10.06"]
[Round "1"]
[White "AlexeiShirov"]
[Black "FedaMaster"]
[Result "0-1"]
[WhiteElo "2835"]
[BlackElo "2452"]
[TimeControl "180+1"]
[EndTime "10:06:38 PDT"]
[Termination "FedaMaster won by resignation"]

1. e4 d5 2. exd5 Qxd5 3. Nc3 Qd6 4. Nf3 Nf6 5. d4 Bg4 6. h3 Bh5 7. g4 Bg6 8. Ne5 Nbd7 9. Bf4 Nxe5 10. dxe5 Qb4 11.
Bd2 Ne4 12. Bd3 Nxd2 13. Qxd2 O-O-O 14. O-O-O Bxd3 15. cxd3 e6 16. Kb1 Be7 17. Ne4 Qd4 18. Qc3 Rd5 19. f4 Rhd8 20. Qxd4 Rxd4 21. Kc2 f6 22.
exf6 gxf6 23. Rhf1 f5 24. Nc3 Bd6 25. Rde1 Rxf4 26. Rxf4 Bxf4 27. Rxe6 fxg4 28. hxg4 Rg8 29. Ne4 Kd8 30. Nf6 Rh8 31. d4 Bg5 32. Ne4 Be7 33. g5 Rg8 34. Re5 Rg6 35. Kd3 h6 36. gxh6 Rxh6 37.
Rd5+ Bd6 38. Nxd6 cxd6 39. Rg5 Rh7 40. Kc4 Kd7 41. Kd5 Kc7 42. b4 a6 43. a4 Kd7 44. a5 Rf7 45. Rg6 Rf5+ 46. Kc4 Rf7 47. Rh6 Rf5 48. Rh7+ Kc6 49. Rh6 Rg5 50. Rf6 Rh5 51.
Rg6 Rf5 52. Rh6 Rg5 53. Rf6 Rh5 54. Rh6 Rxh6 0-1

[Event "*** SCC Grand Prix: Titled Tuesday Blitz"]
[Site "Chess.com"]
[Date "2020.10.06"]
[Round "1"]
[White "nickmatta"]
[Black "GoltsevDmitry2000"]
[Result "0-1"]
[WhiteElo "2372"]
[BlackElo "2712"]
[TimeControl "180+1"]
[EndTime "10:06:38 PDT"]
[Termination "GoltsevDmitry2000 won by resignation"]

1. d4 Nf6 2. c4 e6 3. Nc3 Bb4 4. Qc2 Qe7 5. Bd2 b6 6. e4 Bb7 7. Bd3 d6 8. Qa4+ Nc6 9. d5 exd5 10. cxd5 Bxc3 11. Bxc3 Nxd5 12. Bxg7 Rg8 13. O-O-O Nf4 14. Bb5 Qd7 15. Nf3 Rxg7 16. Nd4 a6 17. Bxc6 Bxc6 18. Nxc6 Rxg2 19. e5 Rg4 20. Qc2 Kf8 21. exd6 cxd6 22. Kb1 Rc8 23. Rc1 Ng6 24. Rhd1 Rg5 25. Qd2 Rc5 26.
Rxc5 bxc5 27. Qh6+ Kg8 28. Na5 Rb8 29. Nc4 Qf5+ 30.
Ka1 Qxf2 31. h4 d5 32. h5 dxc4 33. Qc1 Nf4 34. Rg1+ Kf8 35. h6 Nd3 36. Rg8+ Kxg8 37.
Qg5+ Kf8 38. Qg7+ Ke7 39. Qg5+ Qf6 40. Qe3+ Qe5 0-1

[Event "*** SCC Grand Prix: Titled Tuesday Blitz"]
[Site "Chess.com"]
[Date "2020.10.06"]
[Round "1"]
[White "mapleaff"]
[Black "Joshukid"]
[Result "0-1"]
[WhiteElo "2366"]
[BlackElo "2704"]
[TimeControl "180+1"]
[EndTime "10:06:38 PDT"]
[Termination "Joshukid won on time"]

1. d4 d5 2. Nf3 e6 3. c4 a6 4. cxd5 exd5 5. Nc3 Nf6 6. Bf4 c6 7. e3 Be7 8. Bd3 O-O 9. O-O Bg4 10. h3 Bxf3 11. Qxf3 Nbd7 12. Ne2 Re8 13. Ng3 g6 14. Bh6 a5 15. Qd1 a4 16. f4 Bf8 17. Bxf8 Nxf8 18. Qf3 Qe7 19. Rae1 c5 20. f5 N8d7 21. fxg6 fxg6 22.
Bb5 Rf8 23. Qd1 Nb6 24. Kh2 c4 25. a3 Ra5 26. e4 Rxb5 27. exd5 Qd8 28. Re6 Nbxd5 29.
Qxa4 Rb6 30. Re5 Rc6 31. Qb5 Qd6 32. Rfe1 Nc7 0-1

[Event "*** SCC Grand Prix: Titled Tuesday Blitz"]
[Site "Chess.com"]
[Date "2020.10.06"]
[Round "1"]
[White "jamalm2"]
[Black "Philosopherrr"]
[Result "0-1"]
[WhiteElo "1731"]
[BlackElo "2475"]
[TimeControl "180+1"]
[EndTime "10:06:39 PDT"]
[Termination "Philosopherrr won on time"]

1. d4 Nf6 2. Bg5 d5 3. f3 c5 4. dxc5 e5 5. e3 Bxc5 6. Qd2 O-O 7. Bxf6 Qxf6 8. Qxd5 Bxe3 9. Qd3 Bxg1 10. Rxg1 e4 11. Qc3 Qb6 12. Rh1 exf3 13. gxf3 Re8+ 14. Be2 Nc6 15. Nd2 Nd4 16. Ne4 Nxe2 17. Kxe2 f5 18. Qc4+ Qe6 19. Qxe6+ Rxe6 20. Rad1 fxe4 21. Rd8+ Kf7 22.
fxe4 Rxe4+ 23. Kd3 Bf5 24. Rd5 Re5+ 25. Kd4 Rxd5+ 26.
Kxd5 Bxc2 27. Rf1+ Kg8 28. Rc1 Rc8 29. Kd6 g5 30. b4 Rc6+ 31. Ke5 Kg7 32. b5 Rc5+ 33. Kd6 b6 0-1

[Event "*** SCC Grand Prix: Titled Tuesday Blitz"]
[Site "Chess.com"]
[Date "2020.10.06"]
[Round "1"]
[White "Zufi1811"]
[Black "MITerryble"]
[Result "0-1"]
[WhiteElo "2468"]
[BlackElo "2973"]
[TimeControl "180+1"]
[EndTime "10:06:41 PDT"]
[Termination "MITerryble won by resignation"]

1. e4 e6 2. d4 d5 3. Nc3 Nf6 4. e5 Nfd7 5. Nce2 c5 6. c3 cxd4 7. cxd4 f6 8. Nf4 Bb4+ 9. Bd2 Qb6 10. exf6 Nxf6 11. Nf3 O-O 12. Nd3 Bxd2+ 13. Qxd2 Nc6 14. Nc5 Ne4 15. Nxe4 dxe4 16. Ng5 Nxd4 17. Nxe4 Rd8 18. Bd3 Nc6 19. Qc3 Nb4 20. Bc4 Nd5 21. Bxd5 exd5 22. Nd2 Re8+ 23. Kf1 Bf5 24. h3 Rac8 25. Qb3 Rc2 26.
Qxb6 axb6 27. Rd1 Bd3+ 28. Kg1 Be2 0-1

[Event "*** SCC Grand Prix: Titled Tuesday Blitz"]
[Site "Chess.com"]
[Date "2020.10.06"]
[Round "1"]
[White "saraswathii"]
[Black "cassoulet"]
[Result "1/2-1/2"]
[WhiteElo "2373"]
[BlackElo "2692"]
[TimeControl "180+1"]
[EndTime "10:06:42 PDT"]
[Termination "Game drawn by repetition"]

1. e4 e6 2. d3 d5 3. Nd2 Nf6 4.
Ngf3 Nc6 5. g3 dxe4 6. dxe4 e5 7.
Bg2 Bc5 8. O-O O-O 9. Qe2 Qe7 10. c3 a5 11. a4 b6 12. Nc4 Ba6 13. b3 h6 14. Nh4 Qe6 15. Nf5 Ne7 16. g4 Rad8 17.
h4 Ne8 18. Bh3 Nxf5 19. exf5 Qd5 20. Re1 Nd6 21. Qxe5 Bxc4 22. bxc4 Qf3 23. Qh2 Rfe8 24.
Bf4 Ne4 25. Be3 Nxf2 26. Bxf2 Bxf2+ 27. Qxf2 Qxh3 28. g5 Qg4+ 29. Qg2 Qxh4 30. Rxe8+ Rxe8 31. gxh6 Qxh6 32. Rf1 Re4 33. Qxe4 Qg5+ 34. Qg2 Qe3+ 35. Rf2 Qc1+ 36. Qf1 Qg5+ 37. Rg2 Qe3+ 38. Rf2 Qg5+ 39. Kh1 Qh4+ 40. Rh2 Qe4+ 41. Qg2 Qe1+ 42. Qg1 Qe4+ 43.
Rg2 Qh4+ 44. Qh2 Qe1+ 45. Rg1 Qe4+ 46. Qg2 Qh4+ 47. Qh2 Qe4+ 48. Rg2 Qe1+ 49. Qg1 Qh4+ 50. Rh2 Qe4+ 51. Rg2 Qh4+ 1/2-1/2

[Event "*** SCC Grand Prix: Titled Tuesday Blitz"]
[Site "Chess.com"]
[Date "2020.10.06"]
[Round "1"]
[White "Alexander_Kachko"]
[Black "TomasKapitanchuk"]
[Result "1-0"]
[WhiteElo "2741"]
[BlackElo "2383"]
[TimeControl "180+1"]
[EndTime "10:06:44 PDT"]
[Termination "Alexander_Kachko won by resignation"]

1. e4 c5 2. Nc3 Nc6 3. g3 g6 4.
Bg2 Bg7 5. d3 Rb8 6. Be3 d6 7.
Qd2 b5 8. Nge2 b4 9. Nd1 Nd4 10. O-O e6 11. Nc1 Ne7 12. c3 bxc3 13. bxc3 Ndc6 14.
Bh6 O-O 15. Bxg7 Kxg7 16. Ne3 Qa5 17. Nb3 Qa3 18. Nc4 Qa6 19. Nxd6 Ne5 20. Nxc8 Rfxc8 21. d4 cxd4 22. cxd4 Nc4 23. Qf4 e5 24. dxe5 Qe6 25.
Qf6+ Qxf6 26. exf6+ Kxf6 27. f4 Ne3 28. e5+ Kg7 29.
Rfc1 Nc2 30. Rab1 Nb4 31. Bh3 Nxa2 32. Rxc8 Nxc8 33. Bxc8 Rxc8 34. Ra1 Rc2 35. Rd1 Rc3 36. Na5 Rc5 37. Nb7 Rc7 38. Nd6 Kf8 39. Ra1 Nc3 40.
Kf2 Ke7 41. Ke3 Ke6 42. Kd4 Nd5 43. Ra6 Nb6 44. Nb5 Rd7+ 45. Ke4 f5+ 46. exf6 Kxf6 47. Nxa7 Kf7 48. Nc6 Rb7 49. Nd8+ 1-0

[Event "*** SCC Grand Prix: Titled Tuesday Blitz"]
[Site "Chess.com"]
[Date "2020.10.06"]
[Round "1"]
[White "NikolaGry"]
[Black "Playgood28"]
[Result "1-0"]
[WhiteElo "2620"]
[BlackElo "2309"]
[TimeControl "180+1"]
[EndTime "10:06:45 PDT"]
[Termination "NikolaGry won by resignation"]

1. b3 e5 2. Bb2 d6 3. c4 Nc6 4. e3 g6 5. Nf3 Bg7 6. d4 e4 7. Nfd2 f5 8. Nc3 Nf6 9. Be2 O-O 10. h3 a5 11. g4 Nb4 12. g5 Nh5 13. h4 Nd3+ 14. Bxd3 exd3 15. Qf3 f4 16. O-O-O fxe3 17.
Qd5+ Kh8 18. fxe3 Ng3 19. Rhg1 Nf5 20. Rde1 c6 21. Qh1 a4 22. h5 Kg8 23. hxg6 hxg6 24.
Nce4 axb3 25. axb3 d5 26. Nf6+ Bxf6 27. gxf6 Rxf6 28. e4 Ne7 29. Qh4 Rf7 30. Rh1 Rg7 31. Ref1 1-0

[Event "*** SCC Grand Prix: Titled Tuesday Blitz"]
[Site "Chess.com"]
[Date "2020.10.06"]
[Round "1"]
[White "A-Fier"]
[Black "TokChess"]
[Result "1-0"]
[WhiteElo "2784"]
[BlackElo "2403"]
[TimeControl "180+1"]
[EndTime "10:06:46 PDT"]
[Termination "A-Fier won by resignation"]

1. e4 c5 2. Nf3 e6 3. d4 cxd4 4. Nxd4 a6 5. Bd3 Nf6 6. O-O Qc7 7. Qe2 d6 8. c4 g6 9. Nc3 Bg7 10. Nf3 Nbd7 11. Rd1 O-O 12. Bf4 Ne5 13. Nxe5 dxe5 14. Be3 Nd7 15. b4 Nb8 16. Na4 Nc6 17. Nb6 Rb8 18.
Bc5 Nd4 19. Qb2 Rd8 20. Rac1 Bd7 21. a4 Be8 22. a5 Bf8 23. Bxf8 Kxf8 24. c5 Bc6 25.
Nc4 f6 26. Nd6 Kg7 27. f3 Rd7 28. Bc4 Rbd8 29. Kh1 Rxd6 30. cxd6 Rxd6 31. Qc3 Qd7 32. Bf1 h5 33. Qc5 g5 34. Rc3 h4 35. h3 Kf7 36.
Rdc1 Qd8 37. Qa7 Qe7 38. Qc5 Rd7 39. Qxe7+ Kxe7 40. Bxa6 bxa6 41. Rxc6 Nxc6 42. Rxc6 Rd1+ 43. Kh2 Rb1 44. Rxa6 Rxb4 45. Ra7+ Ke8 46. a6 Ra4 47. Kg1 Ra2 48. Kf1 Kf8 49. Ke1 f5 50. Kd1 fxe4 51. fxe4 Ra4 52. Kc2 Rxe4 53. Rb7 Ra4 54.
a7 1-0

[Event "*** SCC Grand Prix: Titled Tuesday Blitz"]
[Site "Chess.com"]
[Date "2020.10.06"]
[Round "1"]
[White "nocnypako"]
[Black "ashookk"]
[Result "1-0"]
[WhiteElo "2546"]
[BlackElo "2213"]
[TimeControl "180+1"]
[EndTime "10:06:47 PDT"]
[Termination "nocnypako won by resignation"]

1. d4 Nf6 2. c4 c5 3. d5 b5 4. Nf3 g6 5. cxb5 a6 6. b6 Bg7 7. Nc3 d6 8. e4 O-O 9. a4 a5 10.
Bb5 Ba6 11. O-O Nfd7 12. Bg5 h6 13. Bh4 Nxb6 14. Re1 N8d7 15. Qc2 Nc4 16. b3 Bxb5 17. axb5 Nce5 18. Nd2 g5 19. Bg3 Qb8 20. Ra2 c4 21. Nxc4 Nxc4 22. bxc4 Rc8 23. Na4 Nb6 24. c5 Nxa4 25.
Rxa4 Rxc5 26. Qxc5 dxc5 27. Bxb8 Rxb8 28. Rxa5 Bc3 29.
Rea1 Bxa1 30. Rxa1 Rxb5 31. Kf1 Rb4 32. f3 Rb2 33.
Rc1 Kg7 34. Rxc5 Kf6 35. Rc6+ Kg7 36. Kg1 h5 37. Rc3 Rd2 38. Rc6 Rb2 39. g3 Rd2 40. Rb6 Rc2 41. d6 exd6 42. Rxd6 Rb2 43. Rd5 Kg6 44.
Rd6+ Kg7 45. h4 gxh4 46. gxh4 Rd2 47. Rxd2 1-0

[Event "*** SCC Grand Prix: Titled Tuesday Blitz"]
[Site "Chess.com"]
[Date "2020.10.06"]
[Round "1"]
[White "yourstrulyme"]
[Black "swimmerchess"]
[Result "0-1"]
[WhiteElo "2417"]
[BlackElo "2809"]
[TimeControl "180+1"]
[EndTime "10:06:48 PDT"]
[Termination "swimmerchess won by resignation"]

1. d4 Nf6 2. Nf3 g6 3. Bg5 Bg7 4. Nbd2 O-O 5. c3 d6 6. e4 c5 7.
dxc5 dxc5 8. Bc4 h6 9. Bh4 Nc6 10. Qe2 Nh5 11. Qe3 b6 12. O-O Qc7 13. Rfe1 g5 14.
Bg3 Nxg3 15. hxg3 e6 16. e5 Bb7 17. Bd3 Ne7 18. Ne4 Nf5 19. Qe2 Rad8 20. g4 Ne7 21.
Rad1 Ng6 22. Nf6+ Bxf6 23. Bxg6 Rxd1 24. Qxd1 Bxf3 25. exf6 Bxd1 26. Rxd1 fxg6 0-1

[Event "*** SCC Grand Prix: Titled Tuesday Blitz"]
[Site "Chess.com"]
[Date "2020.10.06"]
[Round "1"]
[White "VladimirBugayev"]
[Black "NewBornNow"]
[Result "0-1"]
[WhiteElo "2313"]
[BlackElo "2628"]
[TimeControl "180+1"]
[EndTime "10:06:48 PDT"]
[Termination "NewBornNow won on time"]

1. e4 c5 2. a3 Nf6 3. e5 Nd5 4. Nc3 Nxc3 5. dxc3 Nc6 6. Nf3 Qc7 7. Bf4 f6 8. Qe2 fxe5 9. Nxe5 Nxe5 10. Bxe5 d6 11. Bg3 Bf5 12. O-O-O O-O-O 13. Qf3 g6 14. Bd3 Qd7 15. h3 Bh6+ 16. Kb1 Rhf8 17. Qe2 e5 18. Bc4 Qc7 19. Bd5 Kb8 20. c4 Bg7 21. Bh4 Rde8 22. f3 Qb6 23. Be4 Bxe4 24. fxe4 Qc6 25. Bg5 h6 26.
Bc1 Rf6 27. Rd3 Ref8 28. Rhd1 R8f7 29. Rd5 Bf8 30. Be3 a6 31. b3 Qc8 32. a4 g5 33.
Qh5 Rf1 34. Kb2 Qe6 35. Rxf1 Rxf1 36. Rd1 Rf6 37. Rd2 Bg7 38. Qd1 Kc7 39. Qh5 Rf4 40. Qd1 Rxe4 41. Qf3 Qg6 42. c3 g4 43. hxg4 Rxg4 0-1

[Event "*** SCC Grand Prix: Titled Tuesday Blitz"]
[Site "Chess.com"]
[Date "2020.10.06"]
[Round "1"]
[White "KikaLaurincova"]
[Black "renehp"]
[Result "0-1"]
[WhiteElo "1938"]
[BlackElo "2484"]
[TimeControl "180+1"]
[EndTime "10:06:48 PDT"]
[Termination "renehp won on time"]

1. e4 d5 2. exd5 Nf6 3. d4 Qxd5 4. Nf3 Bg4 5. Nbd2 Nc6 6. Bc4 Bxf3 7. Qxf3 Qxd4 8. O-O e6 9. Bb5 Qb6 10. a4 Be7 11.
Nc4 Qc5 12. Be3 Qd5 13. Bxc6+ bxc6 14. Qe2 O-O 15. Rfd1 Qf5 16. Bd4 Rfd8 17. Ne5 Rd6 18. Qc4 Rad8 19. Nxc6 R8d7 20. Nxe7+ Rxe7 21. Bxa7 h6 22. Bc5 Rxd1+ 23. Rxd1 Re8 24. a5 Ne4 25. Be3 Nd6 26.
Qc5 Qg4 27. Ra1 Ne4 28. a6 Nxc5 29. Bxc5 Qc4 30. Be3 Ra8 31. a7 c5 32. c3 Qb5 0-1

[Event "*** SCC Grand Prix: Titled Tuesday Blitz"]
[Site "Chess.com"]
[Date "2020.10.06"]
[Round "1"]
[White "gross-aleks"]
[Black "Blagorod"]
[Result "0-1"]
[WhiteElo "2512"]
[BlackElo "2182"]
[TimeControl "180+1"]
[EndTime "10:06:49 PDT"]
[Termination "Blagorod won by checkmate"]

1. c4 e5 2. Nc3 d6 3. g3 Be6 4. Bg2 Nc6 5. Nd5 Nf6 6. b4 Qd7 7. Nxf6+ gxf6 8. b5 Nd8 9. d3 d5 10. Rb1 dxc4 11. dxc4 Qxd1+ 12. Kxd1 Bxc4 13. Nf3 Bxa2 14.
Rb2 Be6 15. Nd2 Ba3 16. Rc2 Bxc1 17. Kxc1 c6 18. Ne4 Ke7 19. bxc6 Nxc6 20. Nc5 Nd4 21. Nxe6 Nxc2 22. Nc7 Rac8 23. Nd5+ Ke6 24. Kb2 Nd4 25. Nc3 Rhd8 26. e3 Ne2 27. Bh3+ f5 28. Ne4 Rc4 29.
f3 Rb4+ 30. Ka3 a5 31. Re1 Rd3+ 32. Ka2 Nc3+ 33. Nxc3 Rxc3 34. e4 Rc2+ 35. Ka3 Rxh2 36. Bxf5+ Kf6 37. Rd1 Rc2 38. f4 exf4 39. gxf4 Rc3+ 40.
Ka2 Rf3 41. Rd6+ Kg7 42. e5 Rfxf4 43. Bd7 Rf2+ 44. Ka3 Rf3+ 45. Ka2 Re4 46. e6 Re2+ 47. Kb1 Rf1+ 48. Rd1 Rxd1# 0-1

[Event "*** SCC Grand Prix: Titled Tuesday Blitz"]
[Site "Chess.com"]
[Date "2020.10.06"]
[Round "1"]
[White "Sesleria"]
[Black "Shankovskyi"]
[Result "1-0"]
[WhiteElo "2118"]
[BlackElo "2488"]
[TimeControl "180+1"]
[EndTime "10:06:49 PDT"]
[Termination "Sesleria won by checkmate"]

1. e4 e6 2. d4 d5 3. Nc3 Bb4 4.
e5 c5 5. a3 Bxc3+ 6. bxc3 Ne7 7. Nf3 Nbc6 8. a4 O-O 9. Bd3 f6 10. O-O c4 11. Be2 fxe5 12. dxe5 Ng6 13. Be3 Qc7 14.
Bd4 Bd7 15. Qd2 Rae8 16. Rfe1 Ncxe5 17. Nxe5 Nxe5 18. Bh5 Nf7 19. Bxf7+ Rxf7 20. Re5 Rf5 21. Rae1 b6 22. Rxf5 exf5 23. Rxe8+ Bxe8 24. Qg5 Bg6 25. h4 Qd7 26. h5 Be8 27. h6 g6 28. Qf6 Qxa4 29.
Qg7# 1-0

[Event "*** SCC Grand Prix: Titled Tuesday Blitz"]
[Site "Chess.com"]
[Date "2020.10.06"]
[Round "1"]
[White "underthebridge1999"]
[Black "suyu28"]
[Result "0-1"]
[WhiteElo "2250"]
[BlackElo "2562"]
[TimeControl "180+1"]
[EndTime "10:06:50 PDT"]
[Termination "suyu28 won on time"]

1. e4 c6 2. d4 d5 3. e5 Bf5 4.
Be3 e6 5. Nd2 Ne7 6. Nb3 Bg6 7.
Nf3 Nf5 8. Bd2 Be7 9. a4 Nd7 10. Be2 O-O 11. a5 a6 12. O-O c5 13. c3 Rc8 14. Re1 Qc7 15. Bf1 cxd4 16. Nbxd4 Nxd4 17. cxd4 Bc2 18. Qe2 Bb3 19. Rec1 Qb8 20. Qe3 Bc2 21. b4 Rc7 22. b5 axb5 23. Bxb5 Rfc8 24. h3 Nf8 25.
Ne1 Be4 26. Nd3 h6 27. Qe1 Qa7 28. Bb4 Bxd3 29. Rxc7 Rxc7 30. Bxe7 Qxd4 31. Bxd3 Rxe7 32. Bf1 Nd7 33. Rb1 Nxe5 34. Rb4 Qc5 35. Rb5 Qc7 36. Qb1 Nc6 0-1

[Event "*** SCC Grand Prix: Titled Tuesday Blitz"]
[Site "Chess.com"]
[Date "2020.10.06"]
[Round "1"]
[White "ChainsOfFantasia"]
[Black "Beca95"]
[Result "0-1"]
[WhiteElo "2449"]
[BlackElo "2889"]
[TimeControl "180+1"]
[EndTime "10:06:51 PDT"]
[Termination "Beca95 won by resignation"]

1. c4 e5 2. g3 h5 3. Nf3 e4 4.
Nh4 Be7 5. Nc3 Bxh4 6. gxh4 Qxh4 7. Qc2 Nf6 8. Bg2 Nc6 9. Nxe4 Ng4 10. Ng3 O-O 11.
d3 Nd4 12. Qd1 Re8 13. e3 d6 14. h3 Nf6 15. O-O Nf5 16. Qf3 Nh6 17. Ne2 Nh7 18. e4 Ng5 19. Qg3 Qxg3 20. fxg3 f6 21. Kh2 Nhf7 22. Nf4 Ne5 23. Bd2 Ne6 24. Rad1 Nxf4 25.
Bxf4 Bd7 26. b3 Bc6 27. Rfe1 Ng6 28. Bd2 Re7 29. Kg1 h4 30. g4 Ne5 31. Bc3 Nf7 32. Kf2 b5 33. Rd2 a5 34. cxb5 Bxb5 35. Rc1 Ne5 36.
Bxe5 fxe5 37. Ke3 c5 38. Rf1 Rf7 39. Rxf7 Kxf7 40. Bf3 Kf6 41. Bd1 Ke7 42. Rf2 Bd7 43. Kd2 Be6 44. Kc3 Rb8 45. Bc2 Rh8 46. Rf1 Rh6 47.
Rf2 Rf6 48. Rxf6 Kxf6 49. Kd2 Kg5 50. Ke3 Bxg4 51. hxg4 Kxg4 52. Kf2 g5 53. Bd1+ Kf4 54. Bh5 g4 55. Bf7 h3 56. Be6 g3+ 57. Kg1 h2+ 58. Kg2 Ke3 59. Bc4 h1=Q+ 60. Kxh1 Kf2 61. d4 g2+ 0-1

[Event "*** SCC Grand Prix: Titled Tuesday Blitz"]
[Site "Chess.com"]
[Date "2020.10.06"]
[Round "1"]
[White "novocane"]
[Black "burbur555"]
[Result "0-1"]
[WhiteElo "2281"]
[BlackElo "2583"]
[TimeControl "180+1"]
[EndTime "10:06:51 PDT"]
[Termination "burbur555 won by resignation"]

1. d4 d5 2. c4 e6 3. Nc3 Nf6 4.
cxd5 exd5 5. Bg5 c6 6. Qc2 Be7 7. e3 Bg4 8. Nge2 Bh5 9. Nf4 Bg6 10. Nxg6 hxg6 11. Bd3 Nbd7 12. Bxg6 fxg6 13. Qxg6+ Kf8 14. O-O-O Qe8 15. Qd3 Nb6 16. Kb1 Nc4 17. e4 Qg6 18. Bxf6 Bxf6 19. e5 Qxd3+ 20. Rxd3 Be7 21. f4 g6 22. g4 Rh4 23. h3 Kf7 24. f5 Rah8 25. f6 Bf8 26. b3 Nb6 27. g5 R8h5 28. Rg3 Rxd4 29. Re1 Ke6 30. Rf3 Nd7 31. Ne2 Re4 32. Nf4+ Rxf4 33. Rxf4 Rxh3 34.
Rf2 Rg3 35. Rh2 Rxg5 36. Rh7 Rxe5 37. Rg1 g5 38. f7 Rf5 39. Re1+ Ne5 40. Rh8 Rxf7 41.
Rg8 Rf5 42. Re2 a5 43. a4 Bd6 44. Kc2 d4 45. Kd2 Kd5 0-1